[Event "Team 45 45 League T97"]
[Site "Internet Chess Club"]
[Date "2023.08.28"]
[Round "3"]
[White "BlueStorm"]
[Black "jjmolina1"]
[Result "1-0"]
[WhiteElo "1429"]
[BlackElo "1476"]
[Opening "Trompowsky attack (Ruth, Opocenský opening)"]
[ECO "A45"]
[Time "09:00:24"]
[PlyCount "85"]
[TimeControl "2700+45"]

1. d4 Nf6 2. Bg5 e6 3. e4 h6 4. Bxf6 Qxf6 5. Nc3 c6 6. e5 Qd8 7. Bd3 d5 8. a3
Qb6 9. Nf3 Qxb2 10. Na4 Bb4+ 11. Kf1 Qxa1 12. Qxa1 Be7 13. Nc5 b6 14. Nb3 a5 15.
Ke2 a4 16. Nbd2 b5 17. Nf1 Nd7 18. Ng3 g6 19. Nd2 h5 20. Rf1 h4 21. Nh1 g5 22.
f4 gxf4 23. Rxf4 Bg5 24. Rf3 Rg8 25. g3 Ra7 26. Qf1 Nb6 27. gxh4 Bxh4 28. Ng3
Nc4 29. Bxc4 bxc4 30. Qh3 Bg5 31. Qh7 Rf8 32. Nh5 c3 33. Rxc3 Ba6+ 34. Kd1 Bb5
35. Rg3 Be7 36. Nf6+ Kd8 37. Rg8 Bxa3 38. Rxf8+ Bxf8 39. Qg8 Ke7 40. Kc1 a3 41.
Nb3 Bc4 42. Kb1 Bh6 43. Qe8# {Black checkmated} 1-0

[Event "Team 45 45 League T97"]
[Site "Internet Chess Club"]
[Date "2023.08.28"]
[Round "3"]
[White "Andressa"]
[Black "BrerRabbit"]
[Result "1/2-1/2"]
[WhiteElo "1285"]
[BlackElo "1367"]
[Opening "Caro-Kann defense"]
[ECO "B10"]
[Time "15:07:37"]
[PlyCount "68"]
[TimeControl "2700+45"]

1. e4 c6 2. Nf3 d5 3. exd5 cxd5 4. d4 Nc6 5. Nc3 Nf6 6. Be2 Bf5 7. a3 h6 8. O-O
e6 9. Re1 Be7 10. Bf4 O-O 11. Bb5 Rc8 12. Ne5 a6 13. Nxc6 bxc6 14. Bxa6 Ra8 15.
Bb7 Ra7 16. Bxc6 Qb6 17. Bb5 Rc8 18. Rb1 Ne4 19. Bd3 Qc6 20. Bxe4 Bxe4 21. Nxe4
dxe4 22. c3 f5 23. Be3 Rb7 24. Qh5 Qd5 25. Qg6 Kf8 26. Bf4 Rc6 27. Be5 Bf6 28.
Bxf6 gxf6 29. Qxf6+ Kg8 30. Qxh6 Qc4 31. Qg6+ Rg7 32. Qe8+ Kh7 33. Qh5+ Kg8 34.
Qe8+ Kh7 {Game drawn by mutual agreement} 1/2-1/2

[Event "Team 45 45 League T97"]
[Site "Internet Chess Club"]
[Date "2023.08.24"]
[Round "3"]
[White "smsxman"]
[Black "kabubi"]
[Result "1-0"]
[WhiteElo "1448"]
[BlackElo "1158"]
[Opening "Queen's pawn game, Chigorin variation"]
[ECO "A04"]
[Time "20:29:29"]
[PlyCount "49"]
[TimeControl "2700+45"]

1. Nf3 Nc6 2. d4 d5 3. g3 b6 4. e3 Bb7 5. Bg2 f6 6. O-O e6 7. a3 Nge7 8. c3 e5
9. dxe5 fxe5 10. b4 a6 11. Bb2 Ng6 12. Nbd2 e4 13. Nd4 Nce5 14. Rb1 Nd3 15. c4
Nxb2 16. Rxb2 Ne5 17. cxd5 Bxd5 18. Nxe4 Qd7 19. Qh5+ Ng6 20. Rd1 Rd8 21. Rbd2
Be7 22. Nf5 c6 23. Bh3 Bf6 24. Nxf6+ gxf6 25. e4 {Black resigns} 1-0

[Event "Team 45 45 League T97"]
[Site "Internet Chess Club"]
[Date "2023.08.25"]
[Round "3"]
[White "WzeroMN"]
[Black "stantheman59"]
[Result "0-1"]
[WhiteElo "934"]
[BlackElo "1129"]
[Opening "Inverted Hungarian"]
[ECO "C44"]
[Time "15:03:41"]
[PlyCount "134"]
[TimeControl "2700+45"]

1. e4 e5 2. Nf3 Nc6 3. Be2 Nf6 4. Nc3 Bc5 5. d3 h6 6. a3 d5 7. b4 dxe4 8. dxe4
Bd4 9. Bd2 Nxe4 10. O-O Nxc3 11. Bxc3 Bxc3 12. Qxd8+ Nxd8 13. Rad1 Bg4 14. h3
Bh5 15. Rd3 Bd4 16. Nxd4 Bxe2 17. Nxe2 Ne6 18. Rfd1 Rd8 19. Rxd8+ Nxd8 20. Rd5
f6 21. f4 e4 22. Ng3 c6 23. Rd2 Ne6 24. f5 Nc7 25. Nxe4 Nd5 26. Nd6+ Kd7 27.
Nxb7 Kc7 28. Nc5 Kd6 29. Ne6 Rg8 30. c4 g6 31. cxd5 cxd5 32. Nf4 Ke5 33. Nxd5
gxf5 34. Nc7 Rg3 35. Re2+ Kd4 36. Re6 Kc4 37. Rxf6 Rxa3 38. Rxf5 Kxb4 39. Rh5
Ra1+ 40. Kh2 a5 41. Rxh6 Rc1 42. Rh4+ Kb3 43. Rh5 Rxc7 44. Rxa5 Kc4 45. h4 Kd4
46. h5 Ke4 47. Ra4+ Kf5 48. Rh4 Kg5 49. h6 Kxh4 50. g3+ Kg4 51. Kg2 Rh7 52. Kf2
Rxh6 53. Kg2 Rh3 54. Kf2 Rxg3 55. Kf1 Kf3 56. Ke1 Ke3 57. Kf1 Kf3 58. Ke1 Rg2
59. Kf1 Ra2 60. Kg1 Kg3 61. Kf1 Kf3 62. Kg1 Kg3 63. Kf1 Rg2 64. Ke1 Kf3 65. Kf1
Rf2+ 66. Kg1 Kg3 67. Kh1 Rf1# {White checkmated} 0-1

[Event "Team 45 45 League T97"]
[Site "Internet Chess Club"]
[Date "2023.08.24"]
[Round "3"]
[White "Kingofknights"]
[Black "chesskix"]
[Result "1-0"]
[WhiteElo "1568"]
[BlackElo "1438"]
[Opening "QGD Slav/Grünfeld: Schlechter variation"]
[ECO "D15"]
[Time "17:00:32"]
[PlyCount "93"]
[TimeControl "2700+45"]

1. d4 d5 2. c4 c6 3. Nf3 Nf6 4. Nc3 g6 5. cxd5 cxd5 6. Bf4 a6 7. h3 Nc6 8. e3
Bg7 9. Bd3 O-O 10. Rc1 Nb4 11. Bb1 Nc6 12. Ne5 Nh5 13. Nxc6 bxc6 14. Bh2 Nf6 15.
O-O Ra7 16. Bd3 Ne8 17. Na4 Bb7 18. Nc5 Nd6 19. b3 Nf5 20. Nxb7 Rxb7 21. Rxc6 a5
22. Qc2 Nd6 23. Rc1 Rb8 24. Qc5 Nb7 25. Qa3 Nd6 26. Bxd6 exd6 27. Qxd6 Qg5 28.
Qc5 Rfd8 29. Rc2 a4 30. b4 Bf8 31. Qa5 a3 32. b5 Ra8 33. Ra6 Rab8 34. Rc7 Bd6
35. Rcc6 Be7 36. Qc3 Qh5 37. Qc2 Kg7 38. Be2 Qg5 39. Rab6 Ra8 40. Rb7 Bf8 41. b6
Rab8 42. Rxb8 Rxb8 43. Ba6 Qe7 44. Qc5 Qd7 45. Qb5 Bd6 46. Kf1 h5 47. Qxd5
{Black resigns} 1-0

[Event "Team 45 45 League T97"]
[Site "Internet Chess Club"]
[Date "2023.08.25"]
[Round "3"]
[White "sdcohle"]
[Black "Constrictor"]
[Result "0-1"]
[WhiteElo "1287"]
[BlackElo "1407"]
[Opening "Caro-Kann defense"]
[ECO "B10"]
[Time "17:01:27"]
[PlyCount "100"]
[TimeControl "2700+45"]

1. e4 c6 2. Nf3 d5 3. exd5 cxd5 4. Ne5 Nf6 5. Bb5+ Bd7 6. Nxd7 Nbxd7 7. d4 e6 8.
Bg5 Qa5+ 9. Nc3 Bb4 10. Bxd7+ Nxd7 11. Bd2 Qa6 12. a3 Be7 13. Qe2 Qxe2+ 14. Nxe2
Rc8 15. c3 Nb6 16. b3 Nd7 17. O-O Nf6 18. f3 Kd7 19. Nf4 Ne8 20. Nd3 Nc7 21.
Ne5+ Ke8 22. a4 Bf6 23. f4 Ke7 24. Ng4 Ne8 25. f5 Nd6 26. fxe6 Ne4 27. Nxf6 gxf6
28. Bh6 Rxc3 29. exf7 Kxf7 30. Rab1 Rc2 31. Be3 Rg8 32. Bf2 Rgc8 33. Be3 Re2 34.
Rbc1 Rxc1 35. Bxc1 Rc2 36. g3 Rc3 37. Bf4 Rxb3 38. Rc1 Nc3 39. Bd2 Ne2+ 40. Kf1
Nxc1 41. Ke1 Nd3+ 42. Ke2 Nb4 43. a5 Nc6 44. a6 Nxd4+ 45. Kd1 bxa6 46. g4 Rb1+
47. Bc1 Nb3 48. Kc2 Rxc1+ 49. Kxb3 d4 50. Kb2 Rc8 {White resigns} 0-1

[Event "Team 45 45 League T97"]
[Site "Internet Chess Club"]
[Date "2023.08.27"]
[Round "3"]
[White "olivermx"]
[Black "Visin"]
[Result "1-0"]
[WhiteElo "1284"]
[BlackElo "1265"]
[Opening "Queen's pawn, Mason variation"]
[ECO "D00"]
[Time "13:00:54"]
[PlyCount "52"]
[TimeControl "2700+45"]

1. d4 d5 2. Bf4 Nf6 3. e3 e6 4. Nf3 Nc6 5. Nbd2 h6 6. c3 Bd6 7. Bd3 Bxf4 8. exf4
a6 9. Ne5 O-O 10. Qf3 Qe7 11. h4 Na7 12. g4 c5 13. g5 Nh7 14. gxh6 g6 15. Qg3
Kh8 16. Rg1 Qf6 17. O-O-O Nc6 18. Ndf3 cxd4 19. cxd4 b5 20. Kb1 Bb7 21. Nd7 Qe7
22. Nxf8 Rxf8 23. h5 Rg8 24. hxg6 fxg6 25. Qh4 Qb4 26. Bxg6 Rxg6 {Black resigns}
1-0

[Event "Team 45 45 League T97"]
[Site "Internet Chess Club"]
[Date "2023.08.25"]
[Round "3"]
[White "tamky70"]
[Black "Balderdash"]
[Result "1-0"]
[WhiteElo "1305"]
[BlackElo "1170"]
[Opening "Scandinavian (center counter) defense"]
[ECO "B01"]
[Time "19:30:24"]
[PlyCount "101"]
[TimeControl "2700+45"]

1. e4 d5 2. exd5 Qxd5 3. Nc3 Qe6+ 4. Be2 Nc6 5. Nf3 Nf6 6. O-O Ne4 7. Nxe4 Qxe4
8. Bd3 Qg4 9. Re1 Nb4 10. Re4 Qd7 11. Rxb4 e5 12. Nxe5 Qd6 13. Re4 Bf5 14. Nc4+
Bxe4 15. Nxd6+ cxd6 16. Bxe4 O-O-O 17. Bd5 Rd7 18. d3 Re7 19. Bd2 Re5 20. Bb3
Be7 21. Qg4+ f5 22. Qxg7 Re8 23. Rf1 Bf8 24. Qxh7 R8e7 25. Qg8 Re8 26. Qc4+ Rc5
27. Qa4 Re7 28. Qxa7 Rc6 29. Qa8+ Kd7 30. Qxf8 Rc8 31. Qxf5+ Kd8 32. Qf8+ Kd7
33. Qf5+ Kd8 34. Ba5+ b6 35. Bxb6+ Rcc7 36. Bxc7+ Kxc7 37. Qa5+ Kd7 38. Ba4+ Ke6
39. Re1+ Kf6 40. Rxe7 Kxe7 41. h4 Ke6 42. Qg5 d5 43. d4 Kd6 44. h5 Ke6 45. h6
Kf7 46. Qg7+ Ke6 47. h7 Kf5 48. Qe5+ Kg4 49. Qg7+ Kf4 50. h8=R Ke4 51. Qe5#
{Black checkmated} 1-0

[Event "Team 45 45 League T97"]
[Site "Internet Chess Club"]
[Date "2023.08.26"]
[Round "3"]
[White "Pawnchain"]
[Black "herrahuu"]
[Result "1/2-1/2"]
[WhiteElo "1370"]
[BlackElo "1421"]
[Opening "Caro-Kann: exchange, Rubinstein variation"]
[ECO "B13"]
[Time "07:00:31"]
[PlyCount "41"]
[TimeControl "2700+45"]

1. e4 c6 2. d4 d5 3. exd5 cxd5 4. Bd3 Nc6 5. c3 Nf6 6. Bf4 Bg4 7. Qb3 Qd7 8. Nd2
e6 9. Ngf3 Bd6 10. Ne5 Nxe5 11. dxe5 Bxe5 12. Bxe5 O-O 13. Bxf6 gxf6 14. O-O e5
15. f3 Bh5 16. Rfe1 Kh8 17. Rad1 Rg8 18. Qc2 Qh3 19. Re2 Bxf3 20. Nxf3 Qxf3 21.
Rf2 {Game drawn by mutual agreement} 1/2-1/2

[Event "Team 45 45 League T97"]
[Site "Internet Chess Club"]
[Date "2023.08.25"]
[Round "3"]
[White "Dwilkes"]
[Black "thundercat1"]
[Result "1-0"]
[WhiteElo "1090"]
[BlackElo "978"]
[Opening "Sicilian: dragon variation"]
[ECO "B70"]
[Time "20:00:17"]
[PlyCount "89"]
[TimeControl "2700+45"]

1. e4 c5 2. Nf3 d6 3. d4 cxd4 4. Nxd4 Nf6 5. Nc3 g6 6. Bc4 Bg7 7. Bg5 Bg4 8. f3
Bd7 9. Qd2 Nh5 10. Bh6 e5 11. Bxg7 Nxg7 12. Nb3 a6 13. Qxd6 Nc6 14. Nd5 Nd4 15.
Nxd4 exd4 16. Nf6+ Qxf6 17. Qxf6 Be6 18. Bxe6 fxe6 19. Qxg7 Rf8 20. Qxd4 Rd8 21.
Qb4 b5 22. O-O Kf7 23. Rad1 Rde8 24. c4 bxc4 25. Qxc4 Rc8 26. Qxa6 Rce8 27. e5
Re7 28. Rd2 Ree8 29. Rfd1 Ra8 30. Qb7+ Kg8 31. Qe7 Rae8 32. Qc5 Rc8 33. Qd6 Rce8
34. b4 Rb8 35. a4 Rbe8 36. a5 Kg7 37. h4 h5 38. a6 Kh6 39. b5 Rf4 40. Rd4 g5 41.
hxg5+ Kxg5 42. Rxf4 Kxf4 43. Qd4+ Kg5 44. Qe3+ Kh4 45. Qf4# {Black checkmated}
1-0